 Dungeon Crawl Stone Soup version 0.28-a0-655-g4eb62b627b (webtiles) character file.

Game seed: 9261921276926927148

72 cheechan the Magician (level 4, 0/27 HPs)
             Began as an Octopode Hedge Wizard on Oct 12, 2021.
             Slain by a goblin (4 damage)
             ... led by Robin
             ... on level 4 of the Dungeon.
             The game lasted 00:17:25 (2316 turns).

cheechan the Magician (Octopode Hedge Wizard)       Turns: 2316, Time: 00:17:25

Health: 0/27       AC:  1    Str:  9    XL:     4   Next: 26%
Magic:  3/10       EV: 13    Int: 16    God:
Gold:   53         SH:  0    Dex: 12    Spells: 6/11 levels left

rFire   . . .      SeeInvis .   d - +2 dagger (flame)
rCold   + . .      Faith    .   (no shield)
rNeg    . . .      Spirit   .   b - +0 hat
rPois   .          Reflect  .   (no amulet)
rElec   .          Harm     .   p - ring of protection from cold
rCorr   .          Rampage  .   (no ring)
Will    .....                   (no ring)
Stlth   +++.......              (no ring)
HPRegen 0.09/turn               (no ring)
MPRegen 0.12/turn               (no ring)
                                (no ring)
                                (no ring)

@: no status effects
A: almost no armour, amphibious, 8 rings, camouflage 1, gelatinous body 1,
(nimble swimmer 1), tentacles
a: no special abilities


You were on level 4 of the Dungeon.
You visited 1 branch of the dungeon, and saw 3 of its levels.

You collected 53 gold pieces.

Inventory:

Hand Weapons
 a - a +0 dagger
 d - a +2 dagger of flaming (weapon)
 e - a +0 spear
 l - a +0 hunting sling
 q - a +1 dagger of venom
Missiles
 h - 41 arrows
 m - 19 poisoned darts (quivered)
 n - 21 bolts
Armour
 b - a +0 hat (worn)
Jewellery
 p - a ring of protection from cold (left tentacle)
Scrolls
 f - a scroll of summoning {unknown}
 g - a scroll of blinking {unknown}
 i - a scroll of identify {unknown}
 o - a scroll of noise {unknown}
Potions
 c - a potion of curing {unknown}
 j - a potion of might {unknown}
 k - 2 potions of attraction {unknown}


   Skills:
 + Level 0.4 Fighting
 + Level 0.8 Short Blades
 + Level 2.3 Dodging
 + Level 3.3 Stealth
 + Level 4.1 Spellcasting
 + Level 1.1 Conjurations
 + Level 1.0 Summonings
 + Level 1.0 Translocations


You had 6 spell levels left.
You knew the following spells:

 Your Spells              Type           Power      Damage    Failure   Level
a - Magic Dart            Conj           28%        1d4       11%         1
b - Blink                 Tloc           N/A        N/A       17%         2
c - Call Imp              Summ           6%         N/A       16%         2

Your spell library contained the following spells:

 Spells                   Type           Power      Damage    Failure   Level
 Slow                     Hex            3%         N/A       26%         2
 Conjure Flame            Conj/Fire      5%         6-21      36%         3
 Mephitic Cloud           Conj/Pois/Air  4%         N/A       41%         3


Dungeon Overview and Level Annotations

Branches:
Dungeon (2/15)

Altars:

Shops:
D:1 *

Annotations:
D:4 Robin


Innate Abilities, Weirdness & Mutations

You cannot wear most types of armour.
You are amphibious.
You can wear up to eight rings at the same time.
Your skin changes colour to match your surroundings (Stealth+).
Your rubbery body absorbs attacks. (AC +1, EV +1)
((You are camouflaged near water. (Stealth+)))
You have tentacles for arms and can constrict up to eight enemies at once.


Message History

You constrict the goblin, but do no damage.
The goblin no longer looks unusually strong.
The goblin closely misses you.
A goblin comes into view. It is wielding a +0 club.
The goblin hits you but does no damage.
The goblin shoots a stone.
The stone hits you.
You release your grip on the goblin.
The hobgoblin no longer looks unusually strong.
The goblin hits you with a +0 dagger. x2
The goblin no longer looks unusually strong.
Robin roars a battlecry!
The goblins go into a battle-frenzy!
The goblin no longer looks unusually strong.
Robin throws the goblin at you!
You hit the goblin. You burn the goblin.
You kill the goblin!
The goblin hits you with a +0 dagger.
* * * LOW HITPOINT WARNING * * *
A goblin comes into view. It is wielding a +0 club.
The goblin barely misses you. x2; Robin throws the goblin at you!
* * * LOW HITPOINT WARNING * * *
You hit the goblin. You burn the goblin. You grab the goblin.
The goblin is heavily wounded.
You constrict the goblin. The goblin barely misses you.
The goblin closely misses you. The goblin misses you.
The goblin barely misses you.
You release your grip on the goblin.
The goblin no longer looks unusually strong.
The goblin hits you with a +0 club.
* * * LOW HITPOINT WARNING * * *
The endoplasm jiggles.
The goblin no longer looks unusually strong.
The teleport trap disappears.
The goblin disappears!
The goblin reappears nearby!
Robin roars a battlecry!
The goblins go into a battle-frenzy!
The goblin misses you. The goblin closely misses you.
The goblin hits you with a +0 dagger.
You die...

#.# #...........#.gg# #.#
#.........####g'## ..#.#
#.........#....... .. ..#.#
#.........#.##..## #. #.#.#
#..g.g....#)#8..8# ## #. #.#.#
#..g.g....'.)..... ..
#.##.#.#####gg.J.).g.).......
#.#..#.#.....gg#########.#8..8#
#......#.#####@# #.##..##
######..#........# #.......
...........#..#..# ####++##
#######..#..###..#
...#.........#
######.#.#....#...
.......#...##.####
#####......##.# ...#.... #


You could see a hobgoblin (strong) and 5 goblins.

Vanquished Creatures
  3 adders
  A dart slug (D:2)
  4 bats (D:1)
  3 endoplasms
  9 goblins
  4 hobgoblins
  A jackal (D:1)
  3 kobolds (D:1)
  2 quokkas (D:1)
  3 ball pythons (D:1)
  3 frilled lizards
  2 rats
38 creatures vanquished.

Vanquished Creatures (collateral kills)
  A goblin (D:4)
  A hobgoblin (D:4)
2 creatures vanquished.

Grand Total: 40 creatures vanquished

Notes
Turn   | Place    | Note
-------+----------+-------------------------------------------
     0 | D:1      | cheechan the Octopode Hedge Wizard began the quest for the
                  | Orb.
     0 | D:1      | Reached XP level 1. HP: 11/11 MP: 4/4
   152 | D:1      | Reached XP level 2. HP: 17/17 MP: 3/6
   193 | D:1      | Learned a level 2 spell: Blink
   196 | D:1      | Learned a level 2 spell: Call Imp
   407 | D:1      | Found Zeoharud's General Store.
   763 | D:1      | Reached XP level 3. HP: 21/21 MP: 2/8
  1109 | D:2      | Found a faded altar of an unknown god.
  1511 | D:2      | Reached skill level 4 in Spellcasting
  1986 | D:2      | You fall into a shaft and drop 2 floors!
  2026 | D:4      | Reached XP level 4. HP: 27/27 MP: 6/10
  2285 | D:4      | Noticed Robin
  2316 | D:4      | Slain by a goblin

Illustrated notes

Levels and vault maps discovered:
D:1:      dpeg_arrival_round_b, layout_loops_ring, serial_shops, shop,
          dk_noncrumbling_4
D:2:      layout_loops_corners, ebering_ecumenical_altar_box
D:4:      layout_basic, kennysheep_generic_room_5, uniq_robin, uniq_ijyb

Skill      XL: |  1  2  3 |
---------------+----------+-----
Stealth        | 3 |  3.3
Spellcasting   | 4 |  4.1
Fighting       | |  0.4
Short Blades   | |  0.8
Dodging        | |  2.3
Conjurations   | |  1.1
Summonings     | |  1.0
Translocations | |  1.0

Action                   |  1- 3 |  4- 6 || total
-------------------------+-------+-------++-------
Melee: Dagger            |    59 |    10 ||    69
       Constrict         |    10 |     2 ||    12
       Tentacles         |     5 |       ||     5
 Cast: Magic Dart        |    25 |     2 ||    27
       Call Imp          |       |     7 ||     7
 Stab: Sleeping          |     4 |       ||     4
Armor: Skin              |     4 |     4 ||     8
Dodge: Dodged            |    39 |    15 ||    54

Table legend: (Time is in decaauts)
 A = Elapsed time spent in this place.
 B = Non-inter-level travel time spent in this place.
 C = Inter-level travel time spent in this place.
 D = Time resting spent in this place.
 E = Time spent auto-exploring this place.
 F = Levels seen in this place.
 G = Mean time per level.
                   A        B        C        D        E       F      G
               +--------+--------+--------+--------+--------+-----+--------+
         Total |   2313 |   2313 |      0 |    833 |      4 |   3 |  771.0 |
       Dungeon |   2313 |   2313 |      0 |    833 |      4 |   3 |  771.0 |
               +--------+--------+--------+--------+--------+-----+--------+

Top non-repeatable levels by time:
     D:1: 1108 daAuts
     D:2: 876 daAuts
     D:4: 328 daAuts
